Map: [ESL] Equilibrium

Players

GuMiho

  • Race: Terran Terran
  • Spawn Location: 1:00

ByuN - Winner!

  • Race: Terran Terran
  • Spawn Location: 11:00

Event: IEM Katowice 2024

VOD

Have the link to the VOD?

Description

Time

  • Played on: Feb. 10, 2024, 1:45 p.m.
  • Length: 15:28

All games in this series

Show
View Real Time Build Order
Export as new Build Order

GuMiho Terran 

Build Orders: Cyclone Opening 

Get SALT Encoding   

  12  0:00  SCV  
  13  0:12  SCV  
  14  0:16  Supply Depot  
  14  0:24  SCV  
  15  0:31  Refinery  
  15  0:38  SCV  
  16  0:43  Barracks  
  16  0:50  SCV  
  17  1:02  SCV  
  18  1:14  SCV  
  19  1:29  Orbital Command  
  19  1:30  Supply Depot, Marine  
  19  1:32  Factory  
  20  1:50  Reaper  
  21  1:55  SCV  
  22  2:04  Command Center  
  23  2:08  SCV  
  23  2:16  Hellion  
  23  2:20  SCV, Refinery  
  26  2:23  Barracks Reactor  
  26  2:32  SCV  
  25  2:39  Supply Depot  
  25  2:43  Cyclone  
  27  2:44  SCV  
  28  2:57  SCV, Starport  
  29  3:08  Barracks Tech Lab  
  29  3:09  SCV  
  30  3:21  SCV  
  30  3:22  Cyclone x2, Hyperflight Rotors  
  30  3:24  Orbital Command  
  35  3:29  Refinery  
  35  3:33  SCV  
  36  3:45  SCV  
  37  3:50  SCV  
  38  3:58  Banshee  
  38  4:01  SCV  
  38  4:02  SCV  
  43  4:06  Factory Tech Lab  
  43  4:08  Supply Depot  
  45  4:13  SCV  
  45  4:14  SCV  
  45  4:20  Command Center  
  45  4:26  Siege Tank, SCV  
  45  4:27  SCV  
  50  4:35  Supply Depot  
  50  4:38  SCV  
  50  4:39  SCV  
  50  4:44  Banshee  
  55  4:50  SCV  
  55  4:51  SCV  
  55  4:52  Marine x2  
  59  4:57  Supply Depot  
  59  5:00  Siege Tank  
  59  5:04  SCV x2  
  64  5:09  Supply Depot  
  64  5:11  Marine x2  
  66  5:16  SCV x2  
  66  5:26  Engineering Bay  
  66  5:27  Engineering Bay  
  66  5:28  SCV x2  
  68  5:32  Barracks  
  68  5:35  Barracks, Siege Tank, Starport Reactor  
  71  5:37  Bunker  
  71  5:40  Stimpack  
  71  5:44  Orbital Command  
  71  5:47  SCV x2  
  73  5:54  Terran Infantry Weapons Level 1, Terran Infantry Armor Level 1  
  73  5:59  SCV x2  
  73  6:01  Barracks  
  75  6:04  Barracks  
  75  6:07  Siege Tank  
  75  6:09  SCV  
  75  6:11  SCV  
  80  6:15  Refinery  
  80  6:16  Supply Depot  
  79  6:22  SCV x2  
  79  6:23  SCV  
  82  6:27  Marine x2  
  84  6:34  Starport Reactor  
  84  6:35  SCV x2  
  84  6:37  Marine  
  87  6:44  Orbital Command  
  87  6:45  Marine x2  
  89  6:47  Marine x2  
  89  6:48  Siege Tank  
  89  6:49  SCV x2  
  89  6:52  Supply Depot  
  89  6:53  Supply Depot  
  96  6:54  Marine  
  96  6:59  Supply Depot  
  96  7:00  Supply Depot  
  98  7:01  SCV x2  
  98  7:03  Factory, Armory, Marine  
  100  7:11  Marine x3  
  100  7:12  Barracks Reactor x2  
  100  7:13  SCV x3  
  106  7:19  Combat Shield  
  106  7:21  Marine x2  
  106  7:22  Medivac x2  
  110  7:28  Marine, Refinery  
  110  7:29  SCV x3  
  113  7:30  Refinery  
  113  7:40  Siege Tank, Command Center  
  113  7:41  SCV x2  
  113  7:42  SCV  
  113  7:43  Missile Turret  
  116  7:46  Marine  
  116  7:47  Marine x2  
  119  7:52  Factory Tech Lab  
  119  7:53  SCV x2  
  119  7:54  SCV  
  119  7:58  Missile Turret  
  122  7:59  Viking x2  
  122  8:00  Missile Turret  
  122  8:05  Marine x3  
  129  8:08  Marine  
  129  8:12  Marine x2  
  129  8:14  Marine x2  
  129  8:15  Siege Tank x2, Marine  
  140  8:21  Starport  
  140  8:23  SCV  
  140  8:24  SCV x2  
  141  8:31  Terran Infantry Weapons Level 2, Supply Depot x3  
  141  8:32  Sensor Tower  
  141  8:41  Terran Infantry Armor Level 2  
  141  8:46  Missile Turret  
  141  8:50  Supply Depot x2  
  141  8:56  Marine  
  141  8:57  Marine x8  
  141  9:00  SCV x2  
  152  9:05  Terran Vehicle Weapons Level 1  
  152  9:07  Viking x2, Starport Reactor  
  156  9:14  Marine  
  156  9:15  SCV x2  
  156  9:16  SCV  
  160  9:18  Missile Turret  
  160  9:20  Refinery  
  160  9:22  Refinery  
  156  9:25  Marine x6  
  156  9:30  Marine  
  156  9:31  Marine  
  161  9:32  Marine  
  156  9:40  Viking x2  
  156  9:43  Marine x6  
  166  9:47  Planetary Fortress  
  166  9:48  Sensor Tower, Marine  
  166  9:51  Fusion Core  
  167  10:01  Viking x2  
  171  10:09  Missile Turret  
  171  10:10  Command Center  
  169  10:14  Command Center  
  165  10:30  Siege Tank x2  
  165  10:32  Liberator x4  
  183  10:36  SCV x3  
  160  10:55  Marine x4  
  160  10:56  Marine x2  
  164  10:57  Marine x2  
  164  11:00  Marine  
  164  11:02  Siege Tank x2  
  145  11:12  Orbital Command  
  145  11:13  Marine x4  
  145  11:14  Liberator, SCV x2, Marine  
  155  11:21  Marine x2  
  155  11:22  Marine x2  
  159  11:26  SCV  
  159  11:30  Marine  
  159  11:31  SCV, Marine  
  160  11:34  Siege Tank x2  
  160  11:38  SCV  
  154  11:43  SCV  
  136  11:48  Marine  
  136  11:49  Orbital Command, Marine x3  
  140  11:56  Marine x2  
  138  12:03  Marine x2  
  138  12:04  Marine  
  138  12:06  Siege Tank x2, Marine x2  
  135  12:26  Medivac x3  
  135  12:27  Medivac  
  133  12:35  SCV x2  
  135  12:38  Siege Tank x2  
  135  12:39  Marine x2  
  135  12:41  Marine x2  
  135  12:42  Marine x3  
  145  12:45  Marine x2  
  147  12:56  Marine  
  147  12:57  Marine  
  148  12:59  Marine  
  148  13:02  Marine x2  
  144  13:10  Siege Tank  
  144  13:18  Liberator  
  144  13:19  Liberator x3  
  156  13:25  Orbital Command  
  156  13:29  SCV x2  
  158  13:41  SCV x2  
  153  13:47  Marine x3  
  153  13:48  Marine x2  
  142  13:55  Marine x2  
  137  13:58  Siege Tank x2  
  137  14:00  Marine x2  
  144  14:05  Marine x4  
  144  14:06  Marine  
  144  14:07  Orbital Command  
  146  14:13  Marine x2  
  145  14:17  Marine  
  145  14:18  Marine  
  145  14:23  Marine x5  
  152  14:31  Marine x2  
  152  14:35  Marine  
  152  14:36  Marine  
  151  14:41  Marine x5  
  148  14:49  Marine x2  
  148  14:52  Siege Tank x2  
  156  14:53  Marine x2  
  156  14:58  Marine  
  156  14:59  Marine x4  
  163  15:03  Missile Turret  
  163  15:06  Marine  
  163  15:07  Marine  
Show
View Real Time Build Order
Export as new Build Order

ByuN Terran - Winner!

Build Orders: Cyclone Opening, Reaper Expand 

Get SALT Encoding   

  12  0:00  SCV  
  13  0:12  SCV  
  14  0:17  Supply Depot  
  14  0:24  SCV  
  15  0:38  SCV  
  15  0:39  Barracks  
  16  0:43  Refinery  
  16  0:50  SCV  
  17  1:02  SCV  
  18  1:15  SCV  
  19  1:26  Reaper  
  19  1:27  Orbital Command  
  20  1:41  Command Center  
  20  1:49  Supply Depot  
  20  1:52  SCV  
  21  1:58  Marine  
  22  2:04  Factory  
  22  2:08  SCV  
  23  2:13  Refinery  
  23  2:15  Marine  
  23  2:20  SCV  
  25  2:32  SCV  
  25  2:33  Marine  
  26  2:44  SCV  
  26  2:47  Cyclone  
  26  2:51  Starport  
  29  2:52  Orbital Command  
  29  2:57  SCV  
  30  2:58  Barracks Reactor  
  30  3:09  SCV  
  31  3:18  Refinery  
  31  3:19  Cyclone  
  33  3:20  SCV  
  33  3:21  SCV  
  35  3:31  Liberator  
  35  3:32  Supply Depot, SCV  
  35  3:33  SCV  
  40  3:43  Barracks Tech Lab  
  40  3:44  SCV  
  40  3:45  SCV  
  42  3:56  SCV  
  42  3:57  SCV  
  42  3:58  Supply Depot  
  42  3:59  Cyclone x2  
  48  4:08  Barracks Tech Lab, SCV  
  48  4:09  SCV  
  50  4:12  Supply Depot  
  50  4:20  SCV  
  50  4:21  SCV  
  50  4:23  Raven, Interference Matrix  
  56  4:31  Cyclone x2  
  56  4:34  SCV x2  
  60  4:42  Stimpack  
  60  4:46  SCV  
  60  4:48  SCV  
  60  4:49  Command Center  
  62  4:56  Supply Depot  
  62  4:57  Marine  
  62  4:58  SCV  
  64  5:00  SCV  
  64  5:02  Raven  
  67  5:10  Factory Reactor, SCV  
  67  5:11  Barracks  
  67  5:12  Barracks, SCV  
  69  5:22  SCV, Engineering Bay  
  69  5:24  Marine, SCV, Engineering Bay  
  72  5:34  SCV  
  73  5:35  Refinery  
  73  5:36  SCV  
  74  5:45  Starport Reactor  
  74  5:46  SCV  
  74  5:48  Marine, SCV  
  77  5:50  Barracks x2  
  77  5:51  Terran Infantry Armor Level 1  
  77  5:53  Terran Infantry Weapons Level 1  
  77  5:59  SCV  
  77  6:01  Siege Tank, SCV  
  77  6:04  Orbital Command  
  82  6:06  Marine  
  82  6:09  Marine x2  
  82  6:10  Marine  
  82  6:11  SCV  
  87  6:13  SCV, Marine  
  93  6:25  Supply Depot  
  93  6:26  SCV x2  
  92  6:33  SCV  
  92  6:35  Viking x2  
  92  6:38  Barracks Tech Lab, SCV x2  
  93  6:40  Barracks Tech Lab  
  93  6:41  Barracks Reactor  
  93  6:42  Barracks Reactor  
  93  6:46  SCV  
  87  6:48  Marine  
  87  6:49  Marine x3  
  87  6:50  SCV x2  
  93  6:54  Missile Turret  
  93  6:58  SCV  
  94  7:02  Armory, SCV x2  
  94  7:05  Missile Turret  
  94  7:06  Marine  
  94  7:07  Marine x2  
  99  7:08  Marine  
  99  7:10  SCV  
  99  7:11  Marine  
  99  7:14  SCV x2  
  104  7:18  Missile Turret, Marine x4  
  104  7:22  SCV  
  109  7:29  Medivac  
  110  7:31  SCV x2  
  110  7:32  Supply Depot  
  110  7:37  Marine x4  
  113  7:38  Unknown  
  117  7:45  Combat Shield, Marine  
  117  7:53  Marine x4  
  117  7:54  Siege Tank, Marine, Supply Depot  
  125  8:02  Terran Infantry Armor Level 2  
  125  8:03  SCV x3, Marine  
  129  8:06  Supply Depot  
  129  8:07  Terran Infantry Weapons Level 2  
  129  8:11  Marine x4  
  129  8:12  Marine, Supply Depot  
  133  8:15  Medivac  
  133  8:16  Medivac  
  135  8:25  Marine  
  135  8:26  Marine  
  137  8:27  Terran Vehicle Weapons Level 1  
  137  8:28  Siege Tank  
  137  8:31  Command Center  
  140  8:37  Marine  
  140  8:38  Marine x6  
  147  8:45  Medivac  
  149  8:50  SCV x3  
  149  8:51  Supply Depot  
  149  8:52  Supply Depot  
  149  8:54  Medivac  
  154  9:00  Siege Tank  
  157  9:08  Marine x8  
  165  9:15  Medivac  
  167  9:18  Barracks x2  
  167  9:19  Barracks  
  167  9:20  Factory  
  167  9:21  SCV x2  
  167  9:23  SCV  
  164  9:25  Barracks Reactor  
  164  9:27  Marine  
  164  9:28  Marine  
  164  9:30  Marine  
  164  9:31  Marine x5  
  165  9:40  Medivac  
  165  9:44  Medivac  
  165  9:45  Marine  
  170  9:46  Missile Turret, Marine  
  170  9:47  SCV x2  
  170  9:48  Orbital Command  
  170  9:50  SCV  
  174  9:55  Marine x6  
  180  10:03  Marine  
  180  10:04  Supply Depot, Marine  
  180  10:05  Supply Depot  
  180  10:06  Siege Tank  
  180  10:07  Siege Tank, Barracks Reactor  
  188  10:08  Barracks Reactor x2, Missile Turret  
  187  10:14  Marine  
  180  10:21  SCV x3  
  180  10:23  Marine  
  180  10:25  Terran Infantry Armor Level 3  
  180  10:28  SCV  
  179  10:31  Missile Turret, Marine x2  
  179  10:33  SCV x2  
  179  10:34  SCV  
  171  10:53  Marine x7  
  171  10:54  Marine x5  
  171  10:56  Marine x4  
  184  10:58  Siege Tank  
  184  11:10  Marine  
  184  11:11  Marine x6  
  164  11:12  Marine x5  
  164  11:14  Marine  
  164  11:17  Marine x3  
  174  11:18  Siege Tank  
  174  11:20  SCV x2  
  174  11:21  SCV  
  174  11:22  SCV  
  175  11:26  Terran Infantry Weapons Level 3  
  170  11:35  Marine  
  170  11:38  Siege Tank  
  170  11:39  Marine x2  
  157  11:41  Marine x5  
  157  11:44  Marine  
  157  11:45  Marine  
  157  11:46  Marine x4  
  156  11:47  Marine  
  156  11:48  Marine  
  156  11:50  Siege Tank  
  156  11:53  Marine  
  159  11:57  Marine x2  
  159  11:58  Marine  
  159  11:59  Marine x4  
  165  12:02  Marine  
  165  12:03  Marine  
  165  12:04  Marine x4  
  165  12:08  Medivac x2  
  174  12:10  Marine x2  
  174  12:11  Marine  
  174  12:15  Marine x2  
  154  12:23  Marine  
  154  12:24  Marine  
  154  12:26  Marine  
  154  12:27  Marine x8  
  154  12:28  Siege Tank, Marine  
  154  12:29  Siege Tank  
  163  12:39  Marine  
  163  12:40  Marine x4  
  163  12:42  Marine  
  163  12:43  Marine  
  167  12:45  Marine  
  167  12:50  Command Center, Marine x6  
  174  12:52  Medivac x2  
  174  13:00  Marine x2  
  174  13:01  Marine  
  174  13:02  Marine x2  
  174  13:03  Marine x3  
  174  13:04  Marine x2  
  184  13:08  Siege Tank, Marine  
  184  13:10  Marine x2  
  184  13:12  Marine x3  
  187  13:18  Siege Tank, Marine x2  
  187  13:19  Marine  
  182  13:20  Marine x2  
  182  13:22  Medivac x2  
  188  13:36  Marine  
  188  13:37  Marine x10  
  198  13:45  Siege Tank  
  198  13:47  Marine  
  162  13:49  Marine  
  162  13:50  Siege Tank  
  162  13:52  Marine x2, Medivac  
  162  13:53  Marine  
  162  13:54  Marine x2  
  162  13:55  Marine  
  166  13:56  Marine  
  166  13:59  Marine  
  166  14:00  Marine x2  
  166  14:01  Marine  
  166  14:02  Marine  
  163  14:05  Marine  
  163  14:06  Marine  
  165  14:11  Marine  
  165  14:13  Marine x2  
  165  14:14  Marine x2  
  165  14:15  Medivac  
  165  14:16  Marine  
  165  14:17  Siege Tank  
  165  14:18  Marine  
  165  14:20  Marine  
  165  14:22  Medivac  
  165  14:23  Siege Tank, Marine x4  
  179  14:26  Marine  
  174  14:35  Marine  
  174  14:36  Marine x2  
  174  14:37  Marine x2  
  170  14:38  Marine x2  
  170  14:40  Marine  
  170  14:41  Marine  
  162  14:46  Orbital Command  
  162  14:48  Marine  
  162  14:49  Siege Tank  
  166  14:55  Siege Tank  
  166  14:58  Marine  
  166  14:59  Marine x5  
  175  15:00  Marine  
  175  15:01  Marine x4  
  175  15:04  Marine  
  175  15:06  Marine  
  170  15:07  Marine x2  
  170  15:08  Marine  

Tags
 
Add a new tag
Caveats
  • Supply blocks, unpowered buildings, or Contaminate may cause inaccurate times.
  • Supply counts are checked every 10 seconds.